 Dungeon Crawl Stone Soup version 0.25-a0-528-g6b7c99946c (webtiles) character file.

Game seed: 16535484565967223276, levelgen mode: deterministic

27687 RedPan the Fighter (level 13, 0/107 HPs)
             Began as a Gnoll Wanderer on Feb 19, 2020.
             Was the Champion of Cheibriados.
             Slain by a blink frog (7 damage)
             ... on level 4 of the Lair of Beasts.
             The game lasted 00:44:26 (16832 turns).

RedPan the Fighter (Gnoll Wanderer)                Turns: 16832, Time: 00:44:26

Health: 0/107      AC: 21    Str: 38    XL:     13   Next: 34%
Magic:  10/25      EV: 17    Int: 32    God:    Cheibriados [******]
Gold:   1168       SH:  0    Dex: 29    Spells: 25/28 levels left

rFire    . . .     SeeInvis +   G - +3 battleaxe (freeze)
rCold    . . .     Gourm    .   (shield currently unavailable)
rNeg     + . .     Faith    .   A - +4 chain mail
rPois    +         Spirit   .   e - +1 helmet {SInv}
rElec    .         Reflect  .   h - +0 cloak
rCorr    .         Harm     .   u - +1 pair of gloves
MR       .....                  (no boots)
Stlth    ++........             (no amulet)
HPRegen  0.27/turn              k - ring of positive energy
MPRegen  0.19/turn              q - ring of poison resistance

@: mighty, about to teleport, very slightly contaminated, studying 2 skills,
very slow
A: distributed training, fangs 1, strong nose
a: Bend Time, Temporal Distortion, Slouch, Step From Time, Renounce Religion


You were on level 4 of the Lair of Beasts.
You worshipped Cheibriados.
Cheibriados was exalted by your worship.
You were very hungry.

You visited 3 branches of the dungeon, and saw 15 of its levels.
You also visited: Bailey.

You collected 1216 gold pieces.
You spent 48 gold pieces at shops.

Inventory:

Hand Weapons
 w - a +0 morningstar of venom
 x - the +6 spear "Vetumm Gade" {flame, MR+ Str+3 Dex-4}
   (You found it on level 6 of the Dungeon)

   It has been specially enchanted to burn those struck by it, causing extra
   injury to most foes and up to half again as much damage against particularly
   susceptible opponents.
   It affects your strength (+3).
   It affects your dexterity (-4).
   It affects your resistance to hostile enchantments.
 F - a +1 scimitar of flaming
 G - a +3 battleaxe of freezing (weapon)
 M - a +0 broad axe
Missiles
 a - 8 silver javelins (quivered)
 C - 18 javelins
Armour
 e - a +1 helmet of see invisible (worn)
 h - a +0 cloak (worn)
 u - a +1 pair of gloves (worn)
 A - a +4 chain mail (worn)
Jewellery
 k - a ring of positive energy (left hand)
 q - a ring of poison resistance (right hand)
 O - a cursed -3 ring of evasion {unknown}
Wands
 n - a wand of disintegration (24)
 r - a wand of clouds (3)
 v - a wand of polymorph (9)
 y - a wand of flame (70)
 B - a wand of enslavement (7)
 I - a wand of scattershot (4)
 P - a wand of digging (4)
Scrolls
 d - 9 scrolls of enchant weapon
 g - 6 scrolls of fog
 l - a scroll of magic mapping
 m - a scroll of amnesia
 p - 4 scrolls of teleportation
 t - a scroll of fear
 H - 2 scrolls of blinking
 J - 3 scrolls of enchant armour
 K - 4 scrolls of identify
Potions
 b - 2 potions of lignification
 c - 8 potions of curing
 i - 5 potions of mutation
 j - a potion of might
 o - a potion of heal wounds
 s - 5 potions of flight
 z - 2 potions of brilliance
 L - 2 potions of resistance
 N - 2 potions of invisibility
 Q - a potion of cancellation
Books
 D - a manual of Fighting
 E - a manual of Shields
Comestibles
 f - 25 rations


   Skills:
 + Level 11.9 Fighting
 + Level 8.0 Short Blades
 + Level 8.0 Long Blades
 + Level 8.0 Axes
 + Level 10.3 Maces & Flails
 + Level 8.0 Polearms
 + Level 8.0 Staves
 + Level 8.0 Slings
 + Level 9.3 Bows
 + Level 8.0 Crossbows
 + Level 8.0 Throwing
 + Level 8.0 Armour
 + Level 8.0 Dodging
 + Level 8.0 Stealth
 + Level 10.5 Shields
 + Level 8.0 Unarmed Combat
 + Level 8.0 Spellcasting
 + Level 6.7 Conjurations
 + Level 6.7 Hexes
 + Level 6.7 Charms
 + Level 6.7 Summonings
 + Level 6.7 Necromancy
 + Level 6.7 Translocations
 + Level 6.7 Transmutations
 + Level 6.7 Fire Magic
 + Level 6.7 Ice Magic
 + Level 6.7 Air Magic
 + Level 6.7 Earth Magic
 + Level 6.7 Poison Magic
 + Level 8.8 Invocations
 + Level 8.5 Evocations


You had 25 spell levels left.
You knew the following spells:

 Your Spells              Type           Power        Failure   Level  Hunger
a - Mephitic Cloud        Conj/Pois/Air  ######..     2%          3    None

Your spell library contained the following spells:

 Spells                   Type           Power        Failure   Level  Hunger
 Corona                   Hex            ######.      1%          1    None
 Magic Dart               Conj           ####         1%          1    None
 Poisonous Vapours        Pois/Air       ######       1%          2    None
 Searing Ray              Conj           ######       1%          2    None
 Conjure Flame            Conj/Fire      ######..     2%          3    None
 Dazzling Flash           Conj/Hex       ######       2%          3    None
 Ignite Poison            Fire/Tmut/Pois ######..     2%          3    None
 Portal Projectile        Hex/Tloc       ######       2%          3    None
 Tukima's Dance           Hex            ######..     2%          3    None
 Fulminant Prism          Conj/Hex       ######....   8%          4    None
 Iskenderun's Mystic Bla  Conj/Tloc      ######..     8%          4    None
 Freezing Cloud           Conj/Ice/Air   ######....   75%         6    #####..
 Ring of Flames           Chrm/Fire      ######....   100%        7    #######


Dungeon Overview and Level Annotations

Branches:
Dungeon (10/15)            Temple (1/1) D:5            Lair (4/6) D:10
  Swamp (0/4) Lair:3       Spider (0/4) Lair:4       Bailey (visited)
    Orc: D:9-12

Altars:
Ashenzari
Cheibriados
Dithmenos
Elyvilon
Fedhas
Gozag
Hepliaklqana
Kikubaaqudgha
Makhleb
Nemelex Xobeh
Okawaru
Qazlal
Ru
Sif Muna
Trog
Uskayaw
Vehumet
Wu Jian
Xom
Yredelemnul
Zin
The Shining One

Shops:
D:4 *

Annotations:
Lair:3 3 runed translucent doors, ebobo's ghost, journeyman SpEn; loom's ghost, journeyman GnSk


Innate Abilities, Weirdness & Mutations

Your experience applies equally to all skills.
You have very sharp teeth.
Your uncanny sense of smell can sniff out nearby items.


Message History

The meliai closely misses you. x2
A bullfrog comes into view.
The death yak gores the death yak!
The death yak is killed!
Cheibriados thoroughly appreciates the change of pace.
The blink frog misses you. The meliai hits you but does no damage.
The meliai stings you.
* * * LOW HITPOINT WARNING * * *
The bullfrog moves out of view.
You closely miss the black mamba. You slash the meliai! You freeze the meliai.
You miss the blink frog.
The death yak seems less confused.
The black mamba completely misses you. The meliai hits you with a +0 hand axe!
* * * LOW HITPOINT WARNING * * *
The meliai completely misses you. The blink frog closely misses you.
The black mamba bites you!
* * * LOW HITPOINT WARNING * * *
The meliai barely misses you. The meliai stings you.
* * * LOW HITPOINT WARNING * * *
The black mamba barely misses you. The blink frog hits you!
You die...

......................
.......#..#......Y.###
................YP##
..............Y.###
..........(....##
...........>...#
.....##........##
###.....Y.S####
#..#...#..#@.P#
...#........Fy...#
............○...##
.#....####Y...#.#
#.##. #.#..#..# #. .
P.....F... . ..
........F... ..
............. ... ...


You could see 2 death yaks, a black mamba, a blink frog, a meliai and a
bullfrog.

Vanquished Creatures
  3 hydras
  Erolcha (D:9)
  Harold (D:7)
  Erica (D:9)
  A centaur warrior (D:10)
  4 death yaks (Lair:4)
  Nergalle (Lair:2)
  Sonja (Lair:3)
  An unseen horror (D:10)
  A deep elf mage (D:10)
  Joseph (D:9)
  A black mamba (Lair:2)
  A centaur zombie (D:10)
  5 spiny frogs
  A gargoyle (D:10)
  4 komodo dragons
  A rime drake (Lair:1)
  A troll (D:10)
  8 hippogriffs
  7 blink frogs
  A human (D:7)
  A yak (D:10)
  Grum (D:10)
  Eustachio (D:6)
  2 basilisks
  4 hogs (D:7)
  2 insubstantial wisps (Lair:3)
  3 wargs (D:10)
  An acid dragon (D:10)
  5 water moccasins
  11 porcupines
  A black bear (D:9)
  2 sky beasts (D:9)
  4 ogres
  16 orc warriors
  3 ice beasts
  5 phantoms
  A necrophage (D:7)
  4 wolves
  12 centaurs
  6 crocodiles
  Blork the orc (D:6)
  12 bullfrogs
  9 scorpions
  A killer bee (Lair:4)
  3 howler monkeys
  6 wights
  3 crimson imps
  A bullfrog zombie (D:10)
  3 quasits (D:10)
  2 bullfrog skeletons (D:6)
  7 orc priests
  8 hounds
  A jelly (D:9)
  An iguana (D:10)
  Terence (D:2)
  12 orc wizards
  6 worker ants
  A hound skeleton (D:6)
  2 worker ant zombies
  A howler monkey skeleton (D:5)
  12 adders
  2 shadow imps
  3 worms
  2 dart slugs
  7 leopard geckos
  55 orcs
  6 giant cockroaches
  10 goblins
  8 hobgoblins
  11 jackals
  3 quokkas
  3 bats
  8 frilled lizards
  A jackal skeleton (D:5)
  8 kobolds
  A leopard gecko skeleton (D:7)
  8 rats
360 creatures vanquished.

Vanquished Creatures (others)
  A basilisk (Lair:3)
  2 fungi (Lair:3)
  2 plants
5 creatures vanquished.

Grand Total: 365 creatures vanquished

Notes
Turn   | Place    | Note
-------+----------+-------------------------------------------
     0 | D:1      | RedPan the Gnoll Wanderer began the quest for the Orb.
     0 | D:1      | RedPan set off with the following items: a +2 mace, a
                  | potion of lignification, a potion of curing, a +0 robe, a
                  | ration
     0 | D:1      | Reached XP level 1. HP: 23/23 MP: 2/2
    67 | D:1      | Reached XP level 2. HP: 27/29 MP: 3/3
   796 | D:2      | Reached XP level 3. HP: 34/35 MP: 4/4
  1033 | D:2      | Reached skill level 1 in Invocations
  1344 | D:2      | Found an opulent altar of Gozag.
  1344 | D:2      | Found a blossoming altar of Fedhas.
  1366 | D:2      | Reached skill level 1 in Short Blades
  1366 | D:2      | Reached skill level 1 in Long Blades
  1366 | D:2      | Reached skill level 1 in Axes
  1366 | D:2      | Reached skill level 1 in Polearms
  1366 | D:2      | Reached skill level 1 in Staves
  1366 | D:2      | Reached skill level 1 in Slings
  1366 | D:2      | Reached skill level 1 in Crossbows
  1366 | D:2      | Reached skill level 1 in Throwing
  1366 | D:2      | Reached skill level 1 in Armour
  1366 | D:2      | Reached skill level 1 in Dodging
  1366 | D:2      | Reached skill level 1 in Stealth
  1366 | D:2      | Reached skill level 1 in Unarmed Combat
  1366 | D:2      | Reached skill level 1 in Spellcasting
  1379 | D:2      | Noticed Terence
  1390 | D:2      | Killed Terence
  1390 | D:2      | Reached XP level 4. HP: 22/41 MP: 6/6
  1774 | D:3      | Reached skill level 1 in Conjurations
  1774 | D:3      | Reached skill level 1 in Hexes
  1774 | D:3      | Reached skill level 1 in Charms
  1774 | D:3      | Reached skill level 1 in Summonings
  1774 | D:3      | Reached skill level 1 in Necromancy
  1774 | D:3      | Reached skill level 1 in Translocations
  1774 | D:3      | Reached skill level 1 in Transmutations
  1774 | D:3      | Reached skill level 1 in Fire Magic
  1774 | D:3      | Reached skill level 1 in Ice Magic
  1774 | D:3      | Reached skill level 1 in Air Magic
  1774 | D:3      | Reached skill level 1 in Earth Magic
  1774 | D:3      | Reached skill level 1 in Poison Magic
  2811 | D:3      | Found a shattered altar of Ashenzari.
  2913 | D:4      | Reached XP level 5. HP: 6/47 MP: 7/7
  3368 | D:4      | Found Alymiure's General Store.
  3376 | D:4      | Bought a potion of might for 48 gold pieces
  3495 | D:4      | Reached XP level 6. HP: 53/53 MP: 8/8
  4035 | D:5      | Entered Level 5 of the Dungeon
  4061 | D:5      | Noticed a phantom
  4092 | D:5      | Killed a phantom
  4092 | D:5      | Reached skill level 5 in Bows
  4198 | D:5      | Found a staircase to the Ecumenical Temple.
  4235 | Temple   | Entered the Ecumenical Temple
  4279 | Temple   | Became a worshipper of Cheibriados the Contemplative
  4374 | D:5      | Noticed an ice beast
  4388 | D:5      | Killed an ice beast
  4388 | D:5      | Reached XP level 7. HP: 57/59 MP: 10/10
  4506 | D:5      | Reached skill level 7 in Fighting
  5179 | D:6      | Reached XP level 8. HP: 56/67 MP: 12/12
  5414 | D:6      | Reached * piety under Cheibriados
  5643 | D:6      | Noticed Blork the orc
  5654 | D:6      | Killed Blork the orc
  5973 | D:6      | Reached XP level 9. HP: 72/72 MP: 14/14
  6053 | D:6      | Got an ichor-stained spear
  6054 | D:6      | Identified the +6 spear "Vetumm Gade" {flame, MR+ Str+3
                  | Dex-4} (You found it on level 6 of the Dungeon)
  6187 | D:6      | Noticed Eustachio
  6200 | D:6      | Killed Eustachio
  6277 | D:7      | Found an iron altar of Okawaru.
  6277 | D:7      | Found an ornate altar of the Wu Jian Council.
  6278 | D:7      | Found a hide-covered altar of Uskayaw.
  6379 | D:7      | Found a flagged portal.
  6394 | Bailey   | Entered a bailey
  6698 | Bailey   | Reached ** piety under Cheibriados
  6710 | Bailey   | Reached skill level 5 in Shields
  6710 | Bailey   | Reached skill level 5 in Evocations
  7409 | Bailey   | Reached skill level 8 in Fighting
  7751 | Bailey   | Reached skill level 5 in Invocations
  7990 | Bailey   | Reached XP level 10. HP: 46/80 MP: 17/17
  8156 | Bailey   | Reached *** piety under Cheibriados
  8594 | D:7      | Noticed Harold
  8606 | D:7      | Killed Harold
  8606 | D:7      | Reached skill level 5 in Short Blades
  8606 | D:7      | Reached skill level 5 in Long Blades
  8606 | D:7      | Reached skill level 5 in Axes
  8606 | D:7      | Reached skill level 5 in Polearms
  8606 | D:7      | Reached skill level 5 in Staves
  8606 | D:7      | Reached skill level 5 in Slings
  8606 | D:7      | Reached skill level 5 in Crossbows
  8606 | D:7      | Reached skill level 5 in Throwing
  8606 | D:7      | Reached skill level 5 in Armour
  8606 | D:7      | Reached skill level 5 in Dodging
  8606 | D:7      | Reached skill level 5 in Stealth
  8606 | D:7      | Reached skill level 5 in Unarmed Combat
  8606 | D:7      | Reached skill level 5 in Spellcasting
  9332 | D:7      | Reached skill level 9 in Fighting
  9338 | D:7      | Reached **** piety under Cheibriados
  9919 | D:8      | Reached XP level 11. HP: 85/89 MP: 19/19
  9974 | D:8      | Found a snail-covered altar of Cheibriados.
 10127 | D:8      | Learned a level 3 spell: Mephitic Cloud
 10306 | D:9      | Reached ***** piety under Cheibriados
 10374 | D:9      | Noticed Erolcha
 10374 | D:9      | Noticed Joseph
 10380 | D:9      | Killed Erolcha
 10391 | D:9      | Killed Joseph
 10391 | D:9      | Reached skill level 5 in Conjurations
 10391 | D:9      | Reached skill level 5 in Hexes
 10391 | D:9      | Reached skill level 5 in Charms
 10391 | D:9      | Reached skill level 5 in Summonings
 10391 | D:9      | Reached skill level 5 in Necromancy
 10391 | D:9      | Reached skill level 5 in Translocations
 10391 | D:9      | Reached skill level 5 in Transmutations
 10391 | D:9      | Reached skill level 5 in Fire Magic
 10391 | D:9      | Reached skill level 5 in Ice Magic
 10391 | D:9      | Reached skill level 5 in Air Magic
 10391 | D:9      | Reached skill level 5 in Earth Magic
 10391 | D:9      | Reached skill level 5 in Poison Magic
 10702 | D:9      | Noticed Erica
 10709 | D:9      | Killed Erica
 11010 | D:9      | Found a shimmering altar of Xom.
 11021 | D:10     | Entered Level 10 of the Dungeon
 11082 | D:10     | Noticed a deep elf mage
 11083 | D:10     | Noticed a centaur warrior
 11355 | D:10     | Reached skill level 10 in Fighting
 11482 | D:10     | Killed a deep elf mage
 11500 | D:10     | Killed a centaur warrior
 11896 | D:10     | Found a staircase to the Lair.
 11930 | D:10     | Noticed an unseen horror
 11954 | D:10     | Killed an unseen horror
 11981 | D:10     | Reached XP level 12. HP: 98/98 MP: 22/22
 12064 | D:10     | Noticed Grum
 12069 | D:10     | Killed Grum
 12577 | Lair:1   | Entered Level 1 of the Lair of Beasts
 12613 | Lair:1   | Reached ****** piety under Cheibriados
 12783 | Lair:1   | Noticed an eight-headed hydra
 12799 | Lair:1   | Killed a five-headed hydra
 12997 | Lair:1   | Noticed a six-headed hydra
 13007 | Lair:1   | Killed a two-headed hydra
 13388 | Lair:1   | Reached skill level 11 in Fighting
 13723 | Lair:2   | Noticed Nergalle
 13734 | Lair:2   | Killed Nergalle
 13978 | Lair:2   | Reached skill level 10 in Maces & Flails
 15053 | Lair:3   | Found a runed translucent gate.
 15065 | Lair:3   | Reached skill level 10 in Shields
 15294 | Lair:3   | Noticed a four-headed hydra
 15306 | Lair:3   | Killed a one-headed hydra
 15306 | Lair:3   | Reached XP level 13. HP: 86/106 MP: 24/24
 15452 | Lair:3   | Identified the Handbook of Poisonous Bewitchment
 15507 | Lair:3   | Noticed Sonja
 15544 | Lair:3   | Killed Sonja
 16078 | Lair:3   | Found a staircase to the Swamp.
 16414 | Lair:3   | Found a runed translucent gate.
 16414 | Lair:3   | Found a runed translucent gate.
 16414 | Lair:3   | Noticed ebobo's ghost (journeyman SpEn)
 16415 | Lair:3   | Noticed loom's ghost (journeyman GnSk)
 16477 | Lair:4   | Found a hole to the Spider Nest.
 16832 | Lair:4   | Slain by a blink frog

Levels and vault maps discovered:
D:1:      roderic_chinese_lattice_arrival, layout_loops_ring
D:2:      layout_basic, gammafunk_temple_overflow_wave, serial_curves,
          eino_curves_02, eino_curves_02, uniq_terence
D:3:      layout_basic, nicolae_overflow_hidden_temple
D:4:      layout_basic, serial_shops, shop, first_ration
D:5:      layout_loops_ring, minmay_temple_entry_grid, gup_sewer_entry_bowl,
          st_stairs_6
D:6:      layout_basic, uniq_blork_the_orc, uniq_eustachio
D:7:      layout_loops_corners, grunt_temple_overflow_open, serial_aquarium,
          aquarium_bridge_long_joined [aquarium_subvault_bridge,
          aquarium_subvault_bridge, aquarium_subvault_wall,
          aquarium_subvault_bridge, aquarium_subvault_balcony,
          aquarium_subvault_window], aquarium_window_corner,
          aquarium_window_fake, aquarium_view_2c, aquarium_view_2e,
          aquarium_balcony_3a, enter_bailey_3, grunt_livestock, abandoned_shop,
          uniq_harold
D:8:      layout_gridville, cheibriados_altar_1
D:9:      layout_loops_ring, kennysheep_mini, uniq_erica, uniq_erolcha,
          uniq_joseph
D:10:     cheibrodos_fzero, layout_basic, erik_lair_orcish_takeover, uniq_grum
Temple:   eino_wide_crystal_templ
Lair:1:   layout_gridlike, st_stairs_13, beast_lair_carwin_6
Lair:2:   layout_cave_pods, infiniplex_staircase_pool_2, serial_bayou_shore_b,
          uniq_nergalle
Lair:3:   layout_gridlike, minmay_swamp_entry_wisps, gammafunk_ghost_cemetery,
          uniq_sonja
Lair:4:   regret_index_combs_of_tragedy, layout_gridlike, dummy_spider_entry,
          maelrawn_ghost_gauntlet_escape, nicolae_volcano_entry_lava_flow,
          serial_bayou_shore_b

Skill      XL: |  1  2  3  4  5  6  7  8  9 10 11 12 13 |
---------------+----------------------------------------+-----
Invocations    | 1 2 3 4 5 6 7 8 |  8.8
Short Blades   | 1 2 3 4 5 6 7 8 |  8.0
Long Blades    | 1 2 3 4 5 6 7 8 |  8.0
Axes           | 1 2 3 4 5 6 7 8 |  8.0
Polearms       | 1 2 3 4 5 6 7 8 |  8.0
Staves         | 1 2 3 4 5 6 7 8 |  8.0
Slings         | 1 2 3 4 5 6 7 8 |  8.0
Crossbows      | 1 2 3 4 5 6 7 8 |  8.0
Throwing       | 1 2 3 4 5 6 7 8 |  8.0
Armour         | 1 2 3 4 5 6 7 8 |  8.0
Dodging        | 1 2 3 4 5 6 7 8 |  8.0
Stealth        | 1 2 3 4 5 6 7 8 |  8.0
Unarmed Combat | 1 2 3 4 5 6 7 8 |  8.0
Spellcasting   | 1 2 3 4 5 6 7 8 |  8.0
Conjurations   | 1 2 3 4 5 6 |  6.7
Hexes          | 1 2 3 4 5 6 |  6.7
Charms         | 1 2 3 4 5 6 |  6.7
Summonings     | 1 2 3 4 5 6 |  6.7
Necromancy     | 1 2 3 4 5 6 |  6.7
Translocations | 1 2 3 4 5 6 |  6.7
Transmutations | 1 2 3 4 5 6 |  6.7
Fire Magic     | 1 2 3 4 5 6 |  6.7
Ice Magic      | 1 2 3 4 5 6 |  6.7
Air Magic      | 1 2 3 4 5 6 |  6.7
Earth Magic    | 1 2 3 4 5 6 |  6.7
Poison Magic   | 1 2 3 4 5 6 |  6.7
Shields        | 3 4 5 7 8 10 | 10.5
Evocations     | 3 4 5 6 7 8 |  8.5
Bows           | 5 6 7 8 9 |  9.3
Fighting       | 7 8 9 10 11 | 11.9
Maces & Flails | 7 8 9 10 | 10.3

Action                   |  1- 3 |  4- 6 |  7- 9 | 10-12 | 13-15 || total
-------------------------+-------+-------+-------+-------+-------++-------
Melee: Mace              |   101 |   145 |   195 |       |       ||   441
       Bite              |    12 |    11 |    29 |    88 |    21 ||   161
       Punch             |       |     1 |     2 |     5 |       ||     8
       Spear             |       |       |   203 |   173 |       ||   376
       Battleaxe         |       |       |       |   361 |    72 ||   433
       Scimitar          |       |       |       |    12 |       ||    12
Throw: Javelin           |       |       |     2 |     2 |     5 ||     9
 Cast: Mephitic Cloud    |       |       |       |     4 |     2 ||     6
Invok: Bend Time         |       |       |     2 |     5 |     8 ||    15
  Use: Scroll            |     5 |     8 |     2 |    10 |     5 ||    30
       Potion            |       |     4 |     1 |     1 |     3 ||     9
 Stab: Distracted        |       |       |       |     2 |       ||     2
       Confused          |       |       |       |     3 |       ||     3
  Eat: Chunk             |     2 |     6 |     7 |    12 |       ||    27
       Ration            |       |     1 |       |     1 |       ||     2
Armor: Robe              |     2 |       |       |       |       ||     2
       Scale mail        |    38 |       |       |       |       ||    38
       Chain mail        |       |    80 |   215 |   308 |    46 ||   649
       Plate armour      |       |       |     2 |       |       ||     2
Dodge: Dodged            |    51 |    54 |   175 |   461 |    82 ||   823
       Rpst.: Scimitar   |       |       |       |     3 |       ||     3

Table legend:
 A = Non-vault XP
 B = Vault XP
 C = Vault XP percentage of total XP
 D = Non-vault monster count
 E = Vault monster count
 F = Vault count percentage of total count
                 A         B        C        D         E       F
            +---------+---------+-------+---------+---------+-------
      Total |   24757 |   14797 |  37.4 |     265 |      96 |  26.6
            +---------+---------+-------+---------+---------+-------
        D:1 |      29 |       0 |   0.0 |      16 |       0 |   0.0
        D:2 |      49 |      36 |  42.4 |      22 |       1 |   4.3
        D:3 |      42 |       0 |   0.0 |      16 |       0 |   0.0
        D:4 |     211 |       0 |   0.0 |      12 |       0 |   0.0
        D:5 |     564 |     129 |  18.6 |      24 |       3 |  11.1
        D:6 |    1200 |     284 |  19.1 |      22 |       2 |   8.3
        D:7 |    1679 |    1968 |  54.0 |      36 |      10 |  21.7
        D:8 |    1327 |       0 |   0.0 |      19 |       0 |   0.0
        D:9 |    1410 |    2404 |  63.0 |      33 |       3 |   8.3
       D:10 |    1143 |    4548 |  79.9 |       9 |      25 |  73.5
     Lair:1 |    5163 |    1154 |  18.3 |      15 |       8 |  34.8
     Lair:2 |    3287 |     808 |  19.7 |      15 |       1 |   6.2
     Lair:3 |    5208 |    1124 |  17.8 |      21 |       3 |  12.5
     Lair:4 |    3445 |      61 |   1.7 |       5 |       1 |  16.7
     Bailey |       0 |    2281 | 100.0 |       0 |      39 | 100.0
            +---------+---------+-------+---------+---------+-------
